 Dungeon Crawl Stone Soup version 0.32-a0-520-g344ed53f66 (webtiles) character file.

Game seed: 461332362919535641

14115 lunkers the Arsonist (level 11, 0/95 HPs)
             Began as a Mountain Dwarf Fire Elementalist on Feb 27, 2024.
             Was a Priest of Sif Muna.
             Slain by a komodo dragon (18 damage)
             ... on level 2 of the Lair of Beasts.
             The game lasted 00:30:25 (14729 turns).

lunkers the Arsonist (MDFE)                        Turns: 14729, Time: 00:30:26

Health: 0/95       AC: 15    Str: 10    XL:     11   Next: 84%
Magic:  3/17       EV: 10    Int: 24    God:    Sif Muna [***...]
Gold:   622        SH:  0    Dex: 10    Spells: 0/18 levels left

rFire   . . .        t - +4 quarterstaff (spect)
rCold   . . .        (shield currently unavailable)
rNeg    . . .        m - +0 ring mail
rPois   .            v - +2 helmet {Int+3}
rElec   .            u - +2 cloak {Will+}
rCorr   .            x - +0 pair of gloves
SInv    .            G - +0 pair of boots
Will    ++...        y - amulet of magic regeneration
Stlth   +            (no ring)
HPRegen 0.35/turn    (no ring)
MPRegen 0.55/turn

%: no passive effects
@: no status effects
A: runic magic, artefact enchanting
a: Renounce Religion, Channel Magic, Forget Spell


You were on level 2 of the Lair of Beasts.
You worshipped Sif Muna.
Sif Muna was most pleased with you.
You visited 3 branches of the dungeon, and saw 14 of its levels.

You collected 832 gold pieces.
You spent 210 gold pieces at shops.

Inventory:

Hand Weapons
 k - a +2 mace of holy wrath
 t - a +4 spectral quarterstaff (weapon)
 B - a +5 short sword
Missiles
 f - 4 throwing nets
Armour
 m - a +0 ring mail (worn)
 u - a +2 cloak of willpower (worn)
 v - a +2 helmet of intelligence (worn)
 x - a +0 pair of gloves (worn)
 G - a +0 pair of boots (worn)
Jewellery
 y - an amulet of magic regeneration (around neck)
 D - the ring "Bucruged" {Fire Will- Int+3 Stlth+}
   (You found it on level 9 of the Dungeon)

   [ring of fire]

   Fire:      It enhances your fire magic.
   Int+3:     It affects your intelligence (+3).
   rF+:       It protects you from fire.
   rC-:       It makes you vulnerable to cold.
   Will-:     It decreases your willpower.
   Stlth+:    It makes you more stealthy.
Wands
 o - a wand of roots (7)
 p - a wand of light (19)
 r - a wand of flame (21)
 A - a wand of charming (14)
Scrolls
 a - 3 scrolls of poison
 c - 2 scrolls of teleportation
 e - 2 scrolls of enchant armour
 i - a scroll of brand weapon
 l - 2 scrolls of amnesia
 s - 2 scrolls of revelation
 w - 2 scrolls of blinking
 z - 4 scrolls of identify
 C - a scroll of vulnerability
 E - 2 scrolls of immolation
Potions
 b - a potion of magic
 d - 5 potions of might
 g - a potion of curing
 h - a potion of mutation
 j - 2 potions of lignification
 n - 2 potions of enlightenment
 q - 3 potions of attraction
 F - 2 potions of invisibility {unknown}


   Skills:
 + Level 8.8 Fighting
 - Level 6.0 Staves
 - Level 7.0 Armour
 - Level 2.0 Dodging
 - Level 2.1 Stealth
 - Level 4.0 Spellcasting
 * Level 6.3 Conjurations
 * Level 14.4 Fire Magic
 - Level 6.0 Invocations


You couldn't memorise any spells.
You knew the following spells:

 Your Spells              Type           Power      Damage    Failure   Level
b - Scorch                Fire           100%       2d9       1%          2
c - Foxfire               Conj/Fire      100%       2x1d9     1%          1
d - Volatile Blastmotes   Fire/Tloc      78%        2d16      1%          3
e - Flame Wave            Conj/Fire      53%        2d13      1%          4
f - Inner Flame           Hex/Fire       39%        N/A       1%          3
g - Fireball              Conj/Fire      26%        3d12      4%          5

Your spell library contained the following spells:

 Spells                   Type           Power      Damage    Failure   Level
 Magic Dart               Conj           100%       1d8       1%          1
 Searing Ray              Conj           70%        2d7       1%          2
 Shock                    Conj/Air       76%        1d7       3%          1
 Hailstorm                Conj/Ice       19%        3d7       10%         3
 Stone Arrow              Conj/Erth      38%        3d9       10%         3
 Sandblast                Erth           8%         2d5       12%         1
 Slow                     Hex            16%        N/A       12%         1
 Iskenderun's Battlesphe  Conj           35%        2d9       26%         5
 Brom's Barrelling Bould  Conj/Erth      19%        2d4       32%         4
 Fulminant Prism          Conj/Alch      9%         3d6       32%         4
 Confusing Touch          Hex            4%         N/A       34%         3
 Passwall                 Erth           4%         N/A       34%         3
 Sigil of Binding         Hex            4%         N/A       34%         3
 Summon Ice Beast         Ice/Summ       4%         N/A       34%         3
 Swiftness                Air            4%         N/A       34%         3
 Vampiric Draining        Necr           4%         2d6       34%         3
 Airstrike                Air            2%         2d(1-17)  75%         4
 Manifold Assault         Tloc           4%         N/A       75%         4
 Conjure Ball Lightning   Conj/Air       9%         3x3d6     99%         6
 Dispersal                Tloc           2%         N/A       100%        6
 Sculpt Simulacrum        Ice/Alch       2%         N/A       100%        6
 Orb of Destruction       Conj           17%        9d7       100%        7
 Disjunction              Tloc           2%         N/A       100%        8


Dungeon Overview and Level Annotations

Branches:
Dungeon (11/15)            Temple (1/1) D:4            Lair (2/5) D:8
    Orc (0/2) D:10
  Swamp: Lair:2-3    Shoals: Lair:2-3     Snake: Lair:2-3    Spider: Lair:2-3

Altars:
Ashenzari
Cheibriados
Dithmenos
Elyvilon
Fedhas
Gozag
Hepliaklqana
Kikubaaqudgha
Makhleb
Nemelex Xobeh
Okawaru
Qazlal
Ru
Sif Muna
Trog
Uskayaw
Vehumet
Wu Jian
Xom
Yredelemnul
Zin
The Shining One

Shops:
D:4 [   D:9 [   D:10 (

Annotations:
D:9 2 transporters, zenocrate's ghost, novice MiHu


Innate Abilities, Weirdness & Mutations

Your spellcasting is much less encumbered by armour.
You can use scrolls of enchantment on lesser artefacts.


Message History

The komodo dragon is burned terribly!
The komodo dragon is heavily wounded.
The flame wave engulfs the fungus!
The fungus begins to die.
The fungus is lightly damaged.
* * * LOW MAGIC WARNING * * *
The komodo dragon bites you.
* * * LOW HITPOINT WARNING * * *
Unknown command.
A wave of flame ripples out!
The flame wave engulfs the komodo dragon!
The komodo dragon is burned terribly!
The komodo dragon is almost dead.
The flame wave engulfs the fungus!!
The fungus is lightly damaged.
The flame wave engulfs the plant!
The plant begins to die.
The plant is lightly damaged.
* * * LOW MAGIC WARNING * * *
You finish channelling waves of flame.
The komodo dragon is no longer more vulnerable to fire.
The komodo dragon bites you!!
* * * LOW HITPOINT WARNING * * *
Unknown command.
Unknown command.
You closely miss the komodo dragon.
The komodo dragon is almost dead.
Your +4 spectral quarterstaff hits the komodo dragon.
The komodo dragon closely misses your +4 spectral quarterstaff.
Unknown command.
Casting: Flame Wave (mildly dangerous; 1% risk of failure)
Confirm with . or Enter, or press ? or * to list all spells.
Flames lash the komodo dragon but do no damage.
* * * LOW MAGIC WARNING * * *
Your +4 spectral quarterstaff disappears.
A nearby fungus withers and dies.
The komodo dragon bites you but does no damage.
Unknown command.
A nearby plant withers and dies.
The komodo dragon attacks as it pursues you!
The komodo dragon bites you!!
You die...

.....# .....## ##.....#
P.....# .....# ##....#
##.†#..# ########.l..#.## #
#........@.....# ##
##.##.###......... . ##>####
...##..### # #..# #..P.#.##
### ##.## .....# . ### #.#
#..# P.$...# #.##..####..
###.###P...... ............
##...#.##.....#...#...P.#...
#.P#.#P..## .#....^.......#


You could see a komodo dragon.

Vanquished Creatures
  A deep elf pyromancer (D:11)
  A black mamba (Lair:1)
  3 cane toads
  Psyche (D:8)
  2 komodo dragons
  A polar bear (Lair:2)
  A polar bear (shapeshifter) (D:9)
  A hornet (D:9)
  4 wyverns
  29 yaks
  3 wraiths (D:11)
  3 basilisks
  A warg (D:8)
  A steam dragon (Lair:2)
  2 vampire mosquitoes (D:10)
  3 acid dragons
  5 water moccasins
  3 orc warriors
  An ice beast (D:8)
  A sky beast (D:7)
  2 ogres
  5 centaurs
  2 wolves (D:8)
  2 kobold brigands
  2 scorpions
  10 bullfrogs
  2 gnoll sergeants
  5 wights (D:9)
  A killer bee (D:9)
  3 electric eels
  5 howler monkeys
  4 bombardier beetles
  A crimson imp (D:5)
  A hound (D:4)
  Crazy Yiuf (D:3)
  4 jellies
  A gnoll bouda (D:8)
  8 orc priests
  2 sleepcaps
  4 iguanas
  15 orc wizards
  18 gnolls
  4 adders
  A shadow imp (D:5)
  A white imp (D:5)
  3 ribbon worms
  28 orcs
  4 ball pythons (D:1)
  7 bats
  An endoplasm (D:2)
  4 giant cockroaches
  8 goblins
  7 hobgoblins
  13 kobolds
  6 quokkas
  3 frilled lizards
  4 rats
259 creatures vanquished.

Vanquished Creatures (collateral kills)
  10 foxfires
10 creatures vanquished.

Vanquished Creatures (others)
  847 foxfires
847 creatures vanquished.

Grand Total: 1116 creatures vanquished

Notes
Turn   | Place    | Note
-------+----------+-------------------------------------------
     0 | D:1      | lunkers the Mountain Dwarf Fire Elementalist began the
                  | quest for the Orb.
     0 | D:1      | Reached XP level 1. HP: 14/14 MP: 3/3
    69 | D:1      | Reached skill level 1 in Conjurations
   322 | D:1      | Reached XP level 2. HP: 20/20 MP: 0/4
   519 | D:1      | Learned a level 2 spell: Scorch
   801 | D:1      | Found a faded altar of an unknown god.
  1385 | D:1      | Found a blossoming altar of Fedhas.
  1730 | D:2      | Reached skill level 4 in Fire Magic
  1730 | D:2      | Reached XP level 3. HP: 26/26 MP: 1/6
  2750 | D:3      | Learned a level 3 spell: Volatile Blastmotes
  2887 | D:3      | Found a runed translucent door.
  2888 | D:3      | Noticed Crazy Yiuf
  3070 | D:3      | Found a stormy altar of Qazlal.
  3315 | D:3      | Killed Crazy Yiuf
  3316 | D:3      | Reached XP level 4. HP: 25/33 MP: 0/7
  3652 | D:4      | Reached skill level 1 in Staves
  3652 | D:4      | Reached XP level 5. HP: 38/38 MP: 3/8
  3758 | D:4      | Reached skill level 5 in Fire Magic
  4019 | D:4      | Reached XP level 6. HP: 32/45 MP: 4/9
  4075 | D:4      | Found Bivaush's Antique Armour Shoppe.
  4088 | D:4      | Bought a shiny helmet for 210 gold pieces
  4308 | D:4      | Noticed a water moccasin
  4318 | D:4      | Killed a water moccasin
  4319 | D:4      | Reached skill level 6 in Fire Magic
  4496 | D:4      | Reached XP level 7. HP: 50/50 MP: 6/10
  4529 | D:4      | Found a staircase to the Ecumenical Temple.
  4548 | D:4      | Reached skill level 7 in Fire Magic
  4558 | Temple   | Entered the Ecumenical Temple
  4898 | D:5      | Entered Level 5 of the Dungeon
  5358 | D:5      | Reached skill level 8 in Fire Magic
  5368 | D:5      | Reached skill level 5 in Staves
  5680 | D:5      | Reached XP level 8. HP: 57/57 MP: 6/11
  6210 | D:6      | Reached skill level 9 in Fire Magic
  6515 | D:6      | Found a hide-covered altar of Uskayaw.
  6515 | D:6      | Found a hazy altar of Hepliaklqana.
  6521 | D:6      | Found a shimmering blue altar of Sif Muna.
  6537 | D:6      | Became a worshipper of Sif Muna the Loreminder
  6552 | D:6      | Reached skill level 1 in Fighting
  7135 | D:7      | Reached skill level 1 in Armour
  7245 | D:7      | Found a blossoming altar of Fedhas.
  7251 | D:7      | Reached skill level 10 in Fire Magic
  7256 | D:7      | Learned a level 4 spell: Flame Wave
  7260 | D:7      | Learned a level 3 spell: Inner Flame
  7474 | D:7      | Reached XP level 9. HP: 34/68 MP: 2/14
  8145 | D:8      | Found a staircase to the Lair.
  8148 | D:8      | Noticed Psyche
  8160 | D:8      | Killed Psyche
  8162 | D:8      | Reached skill level 11 in Fire Magic
  8308 | D:8      | Found a shadowy altar of Dithmenos.
  8332 | D:8      | Reached * piety under Sif Muna
  8514 | D:8      | Reached skill level 5 in Fighting
  8647 | D:8      | Reached skill level 5 in Armour
  8896 | D:8      | Reached XP level 10. HP: 68/83 MP: 12/16
  9209 | D:9      | Found a bloodstained altar of Trog.
  9213 | D:9      | Found Damme's Antique Armour Emporium.
  9238 | D:9      | Reached skill level 1 in Invocations
  9363 | D:8      | Reached skill level 12 in Fire Magic
  9512 | D:9      | Noticed zenocrate's ghost (novice MiHu)
  9529 | D:9      | Found a transporter.
  9535 | D:9      | Found a transporter.
  9555 | D:9      | a warg changed into a cane toad
  9555 | D:9      | Noticed a cane toad (shapeshifter)
  9568 | D:9      | Reached ** piety under Sif Muna
  9597 | D:9      | a cane toad changed into a meliai
  9597 | D:9      | Noticed a meliai (shapeshifter)
  9609 | D:9      | a meliai changed into a yak
 10071 | D:9      | Noticed a cane toad
 10736 | D:9      | Noticed an entropy weaver
 10899 | D:9      | Identified the ring "Bucruged" {Fire Will- Int+3 Stlth+}
 10951 | D:9      | Noticed a salamander
 10973 | D:10     | Entered Level 10 of the Dungeon
 11162 | D:10     | Found a broken altar of Ashenzari.
 11256 | D:10     | Found a staircase to the Orcish Mines.
 11573 | D:10     | Reached skill level 5 in Invocations
 11701 | D:10     | Found Qiloenue's Weapon Emporium.
 11706 | D:10     | Identified the +2 leather armour "Behu" {+Inv Int-4 Dex+4}
 11901 | D:10     | Found a radiant altar of Vehumet.
 12354 | D:11     | Noticed a deep elf pyromancer
 12362 | D:11     | Killed a deep elf pyromancer
 12363 | D:11     | Reached XP level 11. HP: 66/92 MP: 9/17
 12369 | D:11     | Learned a level 5 spell: Fireball
 12490 | D:11     | Noticed a boulder beetle
 12646 | Lair:1   | Entered Level 1 of the Lair of Beasts
 12772 | Lair:1   | Reached skill level 13 in Fire Magic
 13458 | Lair:1   | Identified the maw talisman "Cyby" {*Slow Int+5 Dex+3}
 14104 | Lair:2   | Reached skill level 5 in Conjurations
 14265 | Lair:2   | Reached *** piety under Sif Muna
 14326 | Lair:2   | Reached skill level 14 in Fire Magic
 14729 | Lair:2   | Slain by a komodo dragon

Illustrated notes

Levels and vault maps discovered:
D:1:      dpeg_arrival_lava_altar, layout_loops_cross,
          shapermc_ecumenical_altar_mp_highgroup,
          minmay_misc_feat_secret_circle, minmay_misc_feat_iff
D:2:      layout_loops_ring
D:3:      layout_basic, nicolae_qazlal_general_emergency,
          uniq_crazy_yiuf_cottage
D:4:      layout_gridville, minmay_temple_entry_gardened_gates, serial_shops,
          shop
D:5:      layout_cave_pools, minmay_fire_ice_demons
D:6:      layout_loops_cross, gammafunk_temple_overflow_forgotten
D:7:      layout_layer_cave, fedhas_bush_and_centaur_altar
D:8:      layout_rooms, lemuel_round_altar, erik_lair_orcish_takeover,
          uniq_psyche
D:9:      layout_stronghold, nicolae_overflow_hidden_temple, nzn_ghost_randoct,
          serial_shops, shop, kennysheep_island_fort
D:10:     layout_roguey, mainiacjoe_overflow_swirl, orc_0_dummy, serial_shops,
          shop
D:11:     layout_cave_pods, serial_shops, shop, serial_bayou_ford_a
Temple:   nicolae_temple_ecumenical_triangle
Lair:1:   layout_cave_shapes
Lair:2:   layout_loops_ring

Skill      XL: |  1  2  3  4  5  6  7  8  9 10 11 |
---------------+----------------------------------+-----
Conjurations   | 1 3 6 |  6.3
Spellcasting   | 2 3 4 |  4.0
Fire Magic     | 4 5 6 8 10 11 12 14 | 14.4
Stealth        | 2 |  2.1
Dodging        | 2 |  2.0
Staves         | 1 2 4 6 |  6.0
Fighting       | 2 5 7 8 |  8.8
Armour         | 2 5 7 |  7.0
Invocations    | 5 6 |  6.0

Action                     |  1- 3 |  4- 6 |  7- 9 | 10-12 || total
---------------------------+-------+-------+-------+-------++-------
  Melee: Unarmed           |     6 |       |       |       ||     6
         Punch             |     1 |       |       |       ||     1
         Mace              |     1 |       |       |       ||     1
         Quarterstaff      |       |    16 |    79 |   131 ||   226
   Cast: Foxfire           |    92 |    72 |   190 |   134 ||   488
         Scorch            |    18 |     4 |    31 |    68 ||   121
         Volatile Blastmot |       |       |     3 |       ||     3
         Inner Flame       |       |       |     1 |       ||     1
         Flame Wave        |       |       |     2 |    16 ||    18
         Fireball          |       |       |       |     4 ||     4
    Use: Scroll            |       |       |    18 |     6 ||    24
         Potion            |       |       |     2 |     4 ||     6
   Stab: Distracted        |       |       |     1 |     2 ||     3
         Sleeping          |       |       |       |     1 ||     1
 Armour: Robe              |    10 |       |       |       ||    10
         Ring mail         |     5 |    16 |    89 |   221 ||   331
  Dodge: Dodged            |    13 |    13 |    50 |    93 ||   169
         Repelled          |     3 |     2 |     1 |     1 ||     7

Table legend: (Time is in decaauts)
 A = Elapsed time spent in this place.
 B = Non-inter-level travel time spent in this place.
 C = Inter-level travel time spent in this place.
 D = Time resting spent in this place.
 E = Time spent auto-exploring this place.
 F = Levels seen in this place.
 G = Mean time per level.
                   A        B        C        D        E       F      G
               +--------+--------+--------+--------+--------+-----+--------+
         Total |  14743 |  14047 |    696 |     92 |  12120 |  14 | 1053.1 |
       Dungeon |  12638 |  11975 |    663 |     92 |  10313 |  11 | 1148.9 |
        Temple |     22 |     21 |      1 |      0 |     21 |   1 |   22.0 |
          Lair |   2082 |   2051 |     31 |      0 |   1786 |   2 | 1041.0 |
               +--------+--------+--------+--------+--------+-----+--------+

Top non-repeatable levels by time:
     D:9: 1719 daAuts
     D:1: 1520 daAuts
     D:4: 1468 daAuts
  Lair:1: 1375 daAuts
     D:8: 1261 daAuts
     D:5: 1254 daAuts
     D:2: 1151 daAuts
     D:7: 994 daAuts
    D:10: 976 daAuts
     D:6: 908 daAuts
     D:3: 738 daAuts
  Lair:2: 706 daAuts
    D:11: 644 daAuts
  Temple: 22 daAuts
